 Dungeon Crawl Stone Soup version 0.27-a0-1177-g245c70e1c0 (webtiles) character file.

Game seed: 3270499193133031399

753 Froggeryz the Chopper (level 7, 0/52 HPs)
             Began as a Demonspawn Fighter on May 16, 2021.
             Was an Initiate of Okawaru.
             Splashed by a jelly's acid (8 damage)
             ... on level 5 of the Dungeon.
             The game lasted 00:03:41 (5277 turns).

Froggeryz the Chopper (Demonspawn Fighter)          Turns: 5277, Time: 00:03:43

Health: 0/52       AC: -2    Str: 18    XL:     7   Next: 49%
Magic:  7/7        EV:  7    Int: 10    God:    Okawaru [......]
Gold:   257        SH: 13    Dex: 12    Spells: 6/6 levels left

rFire    . . .     SeeInvis .   a - +0 war axe
rCold    + . .     Faith    .   c - +0 kite shield
rNeg     . . .     Spirit   .   b - +0 scale mail
rPois    .         Reflect  .   (helmet restricted)
rElec    .         Harm     .   (no cloak)
rCorr    .         Rampage  .   (no gloves)
Will     .....                  q - +0 pair of boots
Stlth    ..........             (no amulet)
HPRegen  0.17/turn              k - ring of protection from cold
MPRegen  0.10/turn              (no ring)

@: corroded
A: antennae 1, icy blue scales 1, icemail 1, powered by pain 1, condensation
shield
a: Renounce Religion


You were on level 5 of the Dungeon.
You worshipped Okawaru.
Okawaru was noncommittal.
You visited 2 branches of the dungeon, and saw 6 of its levels.

You collected 257 gold pieces.

Inventory:

Hand Weapons
 a - a +0 war axe (weapon)
Missiles
 m - 6 boomerangs (quivered)
 x - 3 boomerangs of dispersal
Armour
 b - a +0 scale mail (worn)
 c - a +0 kite shield (worn)
 q - a +0 pair of boots (worn)
Jewellery
 k - a ring of protection from cold (left hand)
Wands
 p - a wand of polymorph (4)
 t - a wand of flame (5)
Scrolls
 f - a scroll of noise {unknown}
 h - 2 scrolls of magic mapping {unknown}
 l - a scroll of identify {unknown}
 n - 4 scrolls of torment {unknown}
 r - 3 scrolls of enchant weapon {unknown}
 s - a scroll of blinking {unknown}
 u - 2 scrolls of teleportation {unknown}
 v - a scroll of fog {unknown}
Potions
 d - a potion of might
 e - a potion of heal wounds {unknown}
 g - a potion of brilliance {unknown}
 j - a potion of flight {unknown}
 o - 2 potions of haste {unknown}
 w - a potion of lignification {unknown}
 z - a potion of curing


   Skills:
 - Level 3.0 Fighting
 * Level 6.8 Axes
 - Level 2.6 Armour
 + Level 4.7 Shields


You had 6 spell levels left.
You didn't know any spells.
Your spell library contained the following spells:

 Spells                   Type           Power      Damage    Failure   Level
 Freeze                   Ice            0%         1d3       99%         1
 Frozen Ramparts          Ice            0%         1d2       100%        3
 Ozocubu's Armour         Ice            0%         N/A       100%        3
 Hailstorm                Conj/Ice       0%         3d3       100%        4
 Metabolic Englaciation   Hex/Ice        0%         N/A       100%        5


Dungeon Overview and Level Annotations

Branches:
Dungeon (5/15)             Temple (1/1) D:4

Altars:
Ashenzari
Cheibriados
Elyvilon
Makhleb
Okawaru
Qazlal
Trog
Vehumet
Xom


Innate Abilities, Weirdness & Mutations

You have a pair of small antennae on your head.
You are partially covered in icy blue scales. (AC +2)
A meltable icy envelope protects you from harm. (AC +4)
You sometimes gain a little power by taking damage.
A meltable shield of frost defends you. (SH +4)


Message History

You hit the jelly. The acid corrodes you!
Your hands burn!
The jelly is lightly wounded.
The jelly jiggles.
The jelly hits you but does no damage.
You hit the jelly but do no damage. The acid corrodes you!
Your hands burn!
The jelly is lightly wounded.
You block the jelly's attack.
You slash the jelly!
Your hands burn!
The jelly is heavily wounded.
The jelly barely misses you. The jelly closely misses you.
You hit the jelly.
Your hands burn!
The jelly is heavily wounded.
You block the jelly's attack.
You barely miss the jelly.
The jelly is heavily wounded.
The jelly closely misses you. The jelly hits you.
You are splashed with acid!
You are too injured to fight recklessly!
A jelly is nearby!
A jelly is nearby!
You are too injured to fight recklessly!
You hit the jelly. The acid corrodes you!
Your hands burn!
The jelly is severely wounded.
You block the jelly's attack.
You slash the jelly! The acid corrodes you!
Your hands burn!
The jelly is almost dead.
The jelly closely misses you.
You hit the jelly but do no damage.
Your hands burn!
The jelly is almost dead.
You block the jelly's attack. The jelly closely misses you.
You hit the jelly but do no damage.
Your hands burn!
* * * LOW HITPOINT WARNING * * *
The jelly is almost dead.
You block the jelly's attack.
You hit the jelly but do no damage.
Your hands burn!
* * * LOW HITPOINT WARNING * * *
The jelly is almost dead.
The jelly hits you.
* * * LOW HITPOINT WARNING * * *
The acid corrodes you!
You are splashed with acid!
You die...

.........# #..##..#
.........# #...#
#...#### ..(......#
#...#.# ##..# ##
.........# #...#.# ...
#.
.........#.####..<#.#
...##. .........#
.........# ##
.........# .......#
#### .........# #.J..#
#..# .........# #)@..#
##..# #######.## #....#
#.... #.# #.#.!..#
##.... ######.#
#.#....# #..oo.
#......# #.#....####.
o#..##. #.######
#.#..........J.).###.
#.# #.#.........####.#
#. #.# #.#...#<.... #.#
#.
#.##########.#...##....
#.# #.


You could see a jelly.

Vanquished Creatures
  2 necrophages
  An ogre (D:5)
  A bullfrog (D:4)
  A scorpion (D:5)
  2 orc priests
  2 iguanas
  An orc wizard (D:3)
  Terence (D:3)
  A hound skeleton (D:4)
  A howler monkey zombie (D:5)
  4 adders
  A shadow imp (D:5)
  An adder skeleton (D:4)
  5 worms
  4 dart slugs
  13 orcs
  12 ball pythons
  2 bats (D:1)
  5 endoplasms
  2 giant cockroaches (D:1)
  9 goblins
  10 hobgoblins
  7 jackals
  7 kobolds
  6 quokkas
  3 frilled lizards
  4 rats
108 creatures vanquished.

Notes
Turn   | Place    | Note
-------+----------+-------------------------------------------
     0 | D:1      | Froggeryz the Demonspawn Fighter began the quest for the
                  | Orb.
     0 | D:1      | Reached XP level 1. HP: 18/18 MP: 1/1
    93 | D:1      | Reached skill level 2 in Axes
   366 | D:1      | Found a faded altar of an unknown god.
   426 | D:1      | Gained mutation: You sometimes gain a little power by
                  | taking damage. [demonic ancestry]
   426 | D:1      | Reached XP level 2. HP: 23/24 MP: 2/2
   614 | D:1      | Reached skill level 3 in Axes
   790 | D:1      | Reached XP level 3. HP: 28/29 MP: 3/3
  2117 | D:2      | Found a burning altar of Makhleb.
  2490 | D:3      | Gained mutation: A meltable shield of frost defends you.
                  | (SH +4) [demonic ancestry]
  2490 | D:3      | Reached XP level 4. HP: 28/35 MP: 4/4
  2519 | D:3      | Reached skill level 4 in Axes
  2680 | D:3      | Found a stormy altar of Qazlal.
  2777 | D:3      | Noticed Terence
  2786 | D:3      | Killed Terence
  2827 | D:3      | Gained mutation: You have a pair of small antennae on your
                  | head. [demonic ancestry]
  2827 | D:3      | Reached XP level 5. HP: 17/41 MP: 5/5
  3322 | D:3      | Found a snail-covered altar of Cheibriados.
  3522 | D:4      | Reached skill level 5 in Axes
  3705 | D:4      | Noticed a necrophage
  3724 | D:4      | Killed a necrophage
  3725 | D:4      | Gained mutation: You are partially covered in icy blue
                  | scales. (AC +2) [demonic ancestry]
  3725 | D:4      | Reached XP level 6. HP: 31/47 MP: 6/6
  3906 | D:4      | Found a radiant altar of Vehumet.
  4129 | D:4      | Found a staircase to the Ecumenical Temple.
  4139 | Temple   | Entered the Ecumenical Temple
  4157 | Temple   | Became a worshipper of Warmaster Okawaru
  4396 | D:5      | Entered Level 5 of the Dungeon
  4473 | D:5      | Reached skill level 6 in Axes
  4560 | D:5      | Gained mutation: A meltable icy envelope protects you from
                  | harm. (AC +4) [demonic ancestry]
  4560 | D:5      | Reached XP level 7. HP: 52/52 MP: 7/7
  5277 | D:5      | Splashed by a jelly's acid

Illustrated notes

Levels and vault maps discovered:
D:1:      wheals_arrival_linesprint, layout_loops_corners,
          hellmonk_ecumenical_altar_slurped_away, minmay_distorted
D:2:      layout_loops_ring, basic_altar, minmay_close_crescents
D:3:      layout_rooms, nicolae_qazlal_general_emergency,
          cheibrodos_worm_habitat, uniq_terence
D:4:      layout_loops_ring, nicolae_overflow_crystal_walls,
          vehumet_altar_wand_db, minmay_temple_entry_proselytizer
D:5:      layout_basic, minmay_misc_feat_x, minmay_crystal_room
Temple:   regret_index_temple_waves

Skill      XL: |  1  2  3  4  5  6 |
---------------+-------------------+-----
Axes           | 2 3 4 5 6 |  6.8
Shields        | 3 4 |  4.7
Fighting       | |  3.0
Armour         | |  2.6

Action                   |  1- 3 |  4- 6 |  7- 9 || total
-------------------------+-------+-------+-------++-------
Melee: War axe           |   133 |   180 |    56 ||   369
Throw: Throwing net      |       |       |     1 ||     1
       Boomerang         |       |       |     1 ||     1
  Use: Potion            |       |     2 |       ||     2
Armor: Scale mail        |    51 |    61 |    14 ||   126
Dodge: Dodged            |    31 |    60 |    14 ||   105
Block: Kite shield       |    67 |   139 |    44 ||   250

Table legend: (Time is in decaauts)
 A = Elapsed time spent in this place.
 B = Non-inter-level travel time spent in this place.
 C = Inter-level travel time spent in this place.
 D = Time resting spent in this place.
 E = Time spent auto-exploring this place.
 F = Levels seen in this place.
 G = Mean time per level.
                   A        B        C        D        E       F      G
               +--------+--------+--------+--------+--------+-----+--------+
         Total |   5473 |   5327 |    146 |    496 |   3925 |   6 |  912.2 |
       Dungeon |   5448 |   5308 |    140 |    496 |   3913 |   5 | 1089.6 |
        Temple |     25 |     19 |      6 |      0 |     12 |   1 |   25.0 |
               +--------+--------+--------+--------+--------+-----+--------+

Top non-repeatable levels by time:
     D:1: 1482 daAuts
     D:2: 1078 daAuts
     D:4: 1015 daAuts
     D:3: 960 daAuts
     D:5: 911 daAuts
  Temple: 25 daAuts
